 Dungeon Crawl Stone Soup version 0.17-a0-1951-g62301d3 (webtiles) character file.

189 tp1 the Covered (level 5, -1/33 HPs)
             Began as a Gargoyle Berserker on Oct 1, 2015.
             Was a Believer of Trog.
             Slain by an ogre
             ... wielding a +0 giant spiked club
              (15 damage)
             ... on level 4 of the Dungeon on Oct 2, 2015.
             The game lasted 00:15:18 (2597 turns).

tp1 the Covered (Gargoyle Berserker)                Turns: 2597, Time: 00:15:18

Health: -1/33      AC: 17    Str: 20    XL:     5   Next: 68%
Magic:  5/5        EV:  1    Int:  8    God:    Trog [**....]
Gold:   141        SH:  0    Dex: 10    Spells: 0 memorised, 4 levels left

rFire  . . .     SeeInvis .     d - +0 hand axe
rCold  . . .     Clarity  .     i - +0 plate armour
rNeg   + . .     SustAt   .     (no shield)
rPois  ∞         Gourm    .     j - +0 helmet
rElec  +         Spirit   .     (no cloak)
rCorr  .         Warding  .     (no gloves)
rMut   .         Stasis   +     (no boots)
MR     +....                    m - amulet of stasis
Stlth  ..........               (no ring)
                                n - ring of protection from magic

@: somewhat resistant to hostile enchantments, extremely unstealthy
A: negative energy resistance 1, electricity resistance, unbreathing,
petrification resistance, rot immunity, AC +4
a: Burn Spellbooks, Berserk, Trog's Hand, Renounce Religion


You were on level 4 of the Dungeon.
You worshipped Trog.
Trog was pleased with you.
You were hungry.

You visited 1 branch of the dungeon, and saw 4 of its levels.

You collected 141 gold pieces.

Inventory:

Hand weapons
 a - a +0 hand axe
 d - a +0 hand axe (weapon)
Armour
 b - a +0 animal skin
 i - a +0 plate armour (worn)
 j - a +0 helmet (worn)
Jewellery
 m - an amulet of stasis (around neck)
 n - a ring of protection from magic (left hand)
Scrolls
 e - 2 scrolls of fear
 f - 3 scrolls of identify
 g - a scroll of amnesia {unknown}
 k - 3 scrolls of remove curse
 o - a scroll of magic mapping
 q - 2 scrolls of immolation {unknown}
 r - a scroll of random uselessness {unknown}
Potions
 s - a potion of might {unknown}
 t - a potion of lignification {unknown}
Comestibles
 c - 2 bread rations
 h - 4 fruits
 l - 2 meat rations
 p - 3 chunks of flesh


   Skills:
 - Level 3.7 Fighting
 - Level 3.0 Axes
 + Level 5.4 Armour
 - Level 2.0 Dodging


You had 4 spell levels left.
You didn't know any spells.

Dungeon Overview and Level Annotations

Branches:
Dungeon (4/15)
 Temple: D:4-7

Altars:
Ashenzari
Elyvilon
Zin
The Shining One


Innate Abilities, Weirdness & Mutations

You are resistant to torment.
Your stone body is resilient (AC +4).
You are immune to poison.
You resist negative energy.
You are resistant to electric shocks.
You can survive without breathing.
You are immune to petrification.
You are immune to rotting.


Message History

The ogre barely misses you.
You hit the ogre but do no damage.
The ogre is lightly wounded.
The ogre hits you but does no damage.
You hit the ogre.
The ogre is moderately wounded.
You are feeling hungry.
Your plate armour prevents you from hitting the ogre.
The ogre is moderately wounded.
You feel the effects of Trog's Hand fading.
The ogre hits you with a giant spiked club!
You hit the ogre but do no damage.
The ogre is moderately wounded.
The ogre hits you with a giant spiked club!
* * * LOW HITPOINT WARNING * * *
Your skin stops crawling.
You feel less resistant to hostile enchantments.
There is a stone staircase leading up here.
The ogre hits you with a giant spiked club!
You die...

#.. # #.....## # ..
......)#.# .#
.....##.##########.###
#....#.#.#............
#.....###..........#
#..#.#.#.#.........#
##....##.##.........#
...............O@...#
....####.##......†..#
##.. ...##.........#
##..(...##.........#
#.#######.........# #.
########### .# .


You could see an ogre.

Vanquished Creatures
  A scorpion (D:4)
  5 adders
  2 oozes
  3 worms
  5 giant geckos
  An orc (D:3)
  9 bats
  2 giant cockroaches
  5 hobgoblins
  12 jackals
  7 kobolds
  3 quokkas
  2 ball pythons
  A giant newt (D:1)
  6 goblins
  6 rats
70 creatures vanquished.

Notes
Turn   | Place    | Note
--------------------------------------------------------------
     0 | D:1      | tp1 the Gargoyle Berserker began the quest for the Orb.
     0 | D:1      | Reached XP level 1. HP: 14/14 MP: 1/1
    27 | D:1      | Reached XP level 2. HP: 6/19 MP: 2/2
   526 | D:1      | Acquired Trog's second power
   561 | D:1      | Reached XP level 3. HP: 7/24 MP: 3/3
  1149 | D:1      | Found a shattered altar of Ashenzari.
  1372 | D:2      | Found a glowing golden altar of the Shining One.
  1372 | D:2      | Found a glowing silver altar of Zin.
  1372 | D:2      | Found a white marble altar of Elyvilon.
  1430 | D:2      | Reached XP level 4. HP: 18/29 MP: 4/4
  1992 | D:3      | Reached skill level 4 in Armour
  2250 | D:3      | Reached XP level 5. HP: 33/33 MP: 5/5
  2522 | D:4      | Upgraded the game from 0.17-a0-1946-gfb768fe to 0.17-a0-1951-g62301d3
  2559 | D:4      | Reached skill level 5 in Armour
  2574 | D:4      | Noticed an ogre
  2597 | D:4      | Slain by an ogre

Vault maps used:
D:1:      dpeg_arrival_water_altar
D:2:      good_gods_mini_temple, nicolae_overflow_hidden_temple, first_bread
D:4:      old_standard_altar, portal_sewer_entry_b

Action                   |  1- 3 |  4- 6 || total
-------------------------+-------+-------++-------
Melee: Hand axe          |   173 |   194 ||   367
Invok: Berserk           |     1 |       ||     1
       Trog's Hand       |       |     3 ||     3
  Use: Scroll            |     2 |     3 ||     5
       Potion            |       |     3 ||     3
 Stab: Sleeping          |     1 |       ||     1
  Eat: Chunk             |     3 |     4 ||     7
